 Dungeon Crawl Stone Soup version 0.19-a0-934-gf1df8d1 (webtiles) character file.

571 retryentry the Slasher (level 6, -12/50 HPs)
             Began as a Demigod Fighter on July 7, 2016.
             Mangled by an ogre
             ... wielding a +0 giant club
              (16 damage)
             ... on level 4 of the Dungeon.
             The game lasted 00:07:28 (2555 turns).

retryentry the Slasher (Demigod Fighter)            Turns: 2555, Time: 00:07:28

Health: -12/50     AC:  8    Str: 19    XL:     6   Next: 86%
Magic:  8/8        EV:  4    Int: 12    God:
Gold:   116        SH:  9    Dex: 19    Spells: 0 memorised, 5 levels left

rFire  + . .     SeeInvis +     a - +0 long sword
rCold  . . .     Gourm    .     p - +0 chain mail (curse)
rNeg   . . .     Faith    .     c - +0 shield
rPois  .         Spirit   .     (no helmet)
rElec  .         Dismiss  .     (no cloak)
rCorr  .         Reflect  .     (no gloves)
SustAt +         Harm     .     (no boots)
MR     .....                    (no amulet)
Stlth  ..........               v - ring of protection from fire
                                e - ring of see invisible

@: not resistant to hostile enchantments, extremely unstealthy
A: high mp 1, sustain attributes
a: no special abilities


You were on level 4 of the Dungeon.
You were not hungry.

You visited 1 branch of the dungeon, and saw 4 of its levels.
You also visited: Sewer.

You collected 116 gold pieces.

Inventory:

Hand Weapons
 a - a +0 long sword (weapon)
Armour
 c - a +0 shield (worn)
 p - a cursed +0 chain mail (worn)
 r - a +0 plate armour
Jewellery
 e - a ring of see invisible (left hand)
 v - a ring of protection from fire (right hand)
Scrolls
 b - 4 scrolls of remove curse {unknown}
 h - a scroll of teleportation {unknown}
 i - a scroll of blinking {unknown}
 l - a scroll of noise {unknown}
 m - 5 scrolls of identify {unknown}
 o - a scroll of enchant weapon {unknown}
 s - a scroll of enchant armour {unknown}
Potions
 d - 3 potions of might
 j - a potion of invisibility {unknown}
 k - 4 potions of curing {unknown}
 n - a potion of ambrosia {unknown}
 q - 5 potions of heal wounds {unknown}
 u - a potion of flight {unknown}
Comestibles
 f - 5 bread rations
 g - a meat ration
 t - 11 chunks of flesh


   Skills:
 - Level 2.6 Fighting
 + Level 7.2 Long Blades
 - Level 2.6 Armour
 - Level 2.6 Shields


You had 5 spell levels left.
You didn't know any spells.

Dungeon Overview and Level Annotations

Branches:
Dungeon (4/15)
 Temple: D:4-7

Shops:
D:4 (


Innate Abilities, Weirdness & Mutations

You have an increased reservoir of magic. (+10% MP)
Your attributes are resistant to harm.


Message History

You aren't carrying any items that you can evoke.
You slash the ogre!
The ogre is moderately wounded.
The ogre hits you with a giant club!
Unknown command.
You slash the ogre!
The ogre is severely wounded.
The ogre hits you with a giant club!
You completely miss the ogre.
The ogre is severely wounded.
The ogre hits you with a giant club!
* * * LOW HITPOINT WARNING * * *
You slash the ogre!
The ogre is almost dead.
The ogre hits you with a giant club.
* * * LOW HITPOINT WARNING * * *
You hit the ogre.
The ogre is almost dead.
The ogre hits you with a giant club!
You die...

#......#
#.....##
#.....######
#....[....8#
#........###
#รท......+#
#......##
#.....8#
#<..@.##
#####O8# ..#
...+ ....#
###..8 ####


You could see an ogre.

Vanquished Creatures
  A phantom (D:3)
  5 big kobolds (Sewer)
  A hound (D:4)
  3 adders
  An ooze (Sewer)
  A dart slug (D:3)
  A giant gecko (D:2)
  An orc (D:3)
  4 giant cockroaches
  7 goblins
  8 hobgoblins
  4 jackals (D:2)
  16 kobolds
  2 quokkas
  3 ball pythons
  10 bats
  7 giant newts
  8 rats
83 creatures vanquished.

Vanquished Creatures (others)
  A plant (Sewer)
1 creature vanquished.

Grand Total: 84 creatures vanquished

Notes
Turn   | Place    | Note
-------+----------+-------------------------------------------
     0 | D:1      | retryentry the Demigod Fighter began the quest for the Orb.
     0 | D:1      | Reached XP level 1. HP: 18/18 MP: 3/3
    52 | D:1      | Reached skill level 2 in Long Blades
   253 | D:1      | Reached XP level 2. HP: 25/25 MP: 4/4
   540 | D:2      | Reached skill level 3 in Long Blades
   743 | D:2      | Reached XP level 3. HP: 20/30 MP: 5/5
  1281 | D:3      | Found a glowing drain.
  1290 | Sewer    | Entered a sewer
  1306 | Sewer    | Noticed a big kobold
  1323 | Sewer    | Killed a big kobold
  1323 | Sewer    | Reached skill level 4 in Long Blades
  1323 | Sewer    | Reached XP level 4. HP: 23/37 MP: 6/6
  1534 | Sewer    | Noticed a big kobold
  1534 | Sewer    | Noticed a big kobold
  1592 | Sewer    | Killed a big kobold
  1592 | Sewer    | Reached skill level 5 in Long Blades
  1592 | Sewer    | Reached XP level 5. HP: 24/42 MP: 7/7
  1876 | Sewer    | Reached skill level 6 in Long Blades
  1876 | Sewer    | Reached XP level 6. HP: 44/50 MP: 8/8
  2088 | D:3      | Reached skill level 7 in Long Blades
  2251 | D:3      | Found a shimmering altar of Xom.
  2519 | D:4      | Found Zyjas's Weapon Shoppe.
  2555 | D:4      | Mangled by an ogre

Vault maps used:
D:1:      sevenhm_arrival_forest_fort_small_4
D:3:      lemuel_round_altar, portal_sewer_entry_d, first_bread
D:4:      nicolae_overflow_quartered_altars, eat_drink_and_be_merry_uskayaw,
          serial_shops, shop, uniq_pikel
Sewer:    kennysheep_pipe_town

Skill      XL: |  1  2  3  4  5  6 |
---------------+-------------------+-----
Long Blades    | 2 3 4 5 6 7 |  7.2
Fighting       | |  2.6
Armour         | |  2.6
Shields        | |  2.6

Action                   |  1- 3 |  4- 6 || total
-------------------------+-------+-------++-------
Melee: Long sword        |   148 |   198 ||   346
  Eat: Chunk             |     1 |     5 ||     6
Armor: Scale mail        |    43 |       ||    43
       Chain mail        |    18 |    96 ||   114
Dodge: Dodged            |    45 |    23 ||    68
Block: Shield            |    71 |    93 ||   164
